Map: Deathaura LE

Players

A.I. 1 (Medium) - Winner!

  • Race: Zerg Zerg
  • Spawn Location: 11:00

GoochGoblin

  • Race: Protoss Protoss
  • League: Master
  • Spawn Location: 5:00

VOD

Have the link to the VOD?

Description

Time

  • Played on: Dec. 21, 2020, 5:08 p.m.
  • Length: 6:04
Show
View Real Time Build Order
Export as new Build Order

A.I. 1 (Medium) Zerg - Winner!

Build Orders: 1 Base Baneling Bust, Pool Only 

Get SALT Encoding   

  12  0:01  Drone  
  13  0:12  Overlord  
  13  0:16  Drone  
  14  0:31  Drone  
  14  0:33  Drone  
  16  0:43  Spawning Pool  
  16  0:45  Drone  
  16  0:49  Drone  
  17  0:53  Extractor  
  17  0:56  Drone  
  17  1:06  Overlord  
  17  1:31  Zergling x2, Queen  
  20  1:37  Roach Warren  
  20  1:38  Extractor, Drone  
  19  1:47  Zergling x2  
  19  1:49  Drone  
  21  2:00  Drone  
  22  2:10  Overlord  
  22  2:21  Roach  
  24  2:36  Overlord  
  24  2:37  Roach  
  26  2:53  Roach  
  28  3:00  Drone  
  29  3:07  Drone  
  29  3:09  Roach  
  32  3:14  Overlord  
  32  3:18  Drone  
  33  3:23  Drone  
  33  3:24  Roach  
  36  3:32  Drone  
  37  3:38  Baneling Nest  
  37  3:41  Drone, Roach  
  39  3:44  Drone  
  39  3:48  Evolution Chamber  
  39  3:50  Drone  
  40  3:56  Roach  
  42  4:12  Roach  
  44  4:33  Zergling x2  
  44  4:39  Drone  
  44  4:42  Drone  
  44  4:45  Drone  
  38  4:48  Drone  
  38  4:49  Zergling x2  
  38  4:51  Drone  
  40  4:56  Drone  
  41  5:06  Zergling x2  
  33  5:17  Drone  
  29  5:22  Drone  
  29  5:24  Zergling x2  
  29  5:25  Drone  
  32  5:28  Drone  
  33  5:39  Drone  
  23  5:50  Drone  
Show
View Real Time Build Order
Export as new Build Order

GoochGoblin Protoss 

Build Orders: Mass Adepts, Dark Templar Rush 

Get SALT Encoding   

  12  0:01  Probe  
  13  0:13  Probe  
  14  0:17  Pylon  
  14  0:25  Probe  
  15  0:36  Gateway  
  15  0:39  Probe  
  16  0:45  Assimilator  
  16  0:51  Probe  
  16  0:52  Assimilator  
  17  1:02  Gateway  
  17  1:07  Probe  
  18  1:23  Probe  
  18  1:24  Cybernetics Core  
  19  1:35  Pylon  
  19  1:37  Probe  
  20  1:51  Probe  
  21  1:57  Adept x2 (Chrono Boost)  
  25  2:01  Warp Gate  
  25  2:06  Twilight Council  
  25  2:09  Probe  
  26  2:20  Adept x2  
  30  2:29  Pylon  
  30  2:30  Probe  
  31  2:37  Resonating Glaives (Chrono Boost)  
  31  2:50  Gateway  
  31  2:56  Gateway  
  27  3:51  Adept x4  
  27  3:53  Dark Shrine  
  35  3:56  Pylon  
  35  4:11  Adept x2  
  35  4:14  Adept x2  
  35  4:16  Pylon  
  41  4:51  Adept x4  
  45  5:01  Pylon  
  43  5:21  Dark Templar x3  
  43  5:22  Adept  
  45  5:54  Adept x4  
Tags
 
Add a new tag
Caveats
  • Supply blocks, unpowered buildings, or Contaminate may cause inaccurate times.
  • Supply counts are checked every 10 seconds.